 Dungeon Crawl Stone Soup version 0.31-a0-344-gd109795599 (webtiles) character file.

Game seed: 18248202509894431888

109 garrulousMonolith the Digger (level 4, -7/26 HPs)
             Began as a Gargoyle Earth Elementalist on July 21, 2023.
             Mangled by a gnoll sergeant
             ... wielding a +4 spear of flaming
              (11 damage)
             ... on level 3 of the Dungeon.
             The game lasted 00:02:25 (2316 turns).

garrulousMonolith the Digger (GrEE)                 Turns: 2316, Time: 00:02:25

Health: -7/26      AC:  9    Str: 11    XL:     4   Next: 90%
Magic:  3/7        EV: 11    Int: 21    God:
Gold:   130        SH:  0    Dex: 10    Spells: 1/7 levels left

rFire   . . .        d - +0 short sword
rCold   . . .        (no shield)
rNeg    + . .        l - +2 leather armour "Xaxaeraw" {+Inv Int+3}
rPois   ∞            (no helmet)
rElec   +            (no cloak)
rCorr   .            (no gloves)
SInv    .            o - +0 pair of boots
Will    .....        (no amulet)
Stlth   ++           (no ring)
HPRegen 0.24/turn    (no ring)
MPRegen 0.10/turn

%: no passive effects
@: no status effects
A: sickness immunity, AC +3, negative energy resistance 1, electricity
resistance, torment resistance 1, petrification resistance
a: Evoke Invisibility


You were on level 3 of the Dungeon.
You visited 1 branch of the dungeon, and saw 3 of its levels.

You collected 130 gold pieces.

Inventory:

Hand Weapons
 d - a +0 short sword (weapon)
 u - a +0 dagger of draining
Missiles
 a - 4 silver javelins
 v - 7 poisoned darts
Armour
 l - the +2 leather armour "Xaxaeraw" (worn) {+Inv Int+3}
   (You found it on level 2 of the Dungeon)

   Int:       It affects your intelligence (+3).
   +Inv:      It lets you turn invisible.
 o - a +0 pair of boots (worn)
Jewellery
 r - a ring of fire
 t - a ring of ice
Talismans
 e - a beast talisman
Wands
 s - a wand of flame (16)
Scrolls
 c - 2 scrolls of blinking {unknown}
 f - a scroll of acquirement {unknown}
 g - a scroll of teleportation {unknown}
 h - a scroll of enchant armour {unknown}
 k - a scroll of poison {unknown}
 m - a scroll of immolation {unknown}
Potions
 b - a potion of magic
 i - 2 potions of mutation {unknown}
 j - a potion of haste {unknown}
 n - 2 potions of berserk rage {unknown}
 p - a potion of invisibility {unknown}
 q - a potion of resistance {unknown}


   Skills:
 + Level 1.8 Fighting
 + Level 1.4 Armour
 - Level 1.5 Dodging
 - Level 2.1 Stealth
 + Level 2.3 Spellcasting
 * Level 1.5 Conjurations
 + Level 1.5 Transmutations
 * Level 4.6 Earth Magic


You had one spell level left.
You knew the following spells:

 Your Spells              Type           Power      Damage    Failure   Level
a - Sandblast             Erth           42%        2d11      2%          1
b - Stone Arrow           Conj/Erth      30%        3d8       16%         3
c - Passwall              Tmut/Erth      12%        N/A       9%          2

Your spell library contained the following spells:

 Spells                   Type           Power      Damage    Failure   Level
 Petrify                  Tmut/Erth      15%        N/A       47%         4


Dungeon Overview and Level Annotations

Branches:
Dungeon (3/15)

Altars:


Innate Abilities, Weirdness & Mutations

You are immune to sickness and miasma.
Your stone body is resilient. (AC +3)
You are immune to poison.
You resist negative energy. (rN+)
You are resistant to electric shocks. (rElec)
You are resistant to unholy torment.
You are immune to petrification.


Message History

Confirm with . or Enter, or press ? or * to list all spells.
Aiming: Sandblast (safe; 2% risk of failure)
Press: ? - help, Shift-Dir - straight line, f - kobold
Aim: a kobold, wielding a +0 dagger and quivering stones (wandering, hasn't noticed you, 79% to hit)
The blast of sand hits the kobold!
You kill the kobold!
The gnoll sergeant shouts!
You hear an angry hiss.
The gnoll sergeant throws a stone.
The stone closely misses you.
You start resting.
A gnoll sergeant is nearby!
Casting: Sandblast (safe; 2% risk of failure)
Confirm with . or Enter, or press ? or * to list all spells.
Aiming: Sandblast (safe; 2% risk of failure)
Press: ? - help, Shift-Dir - straight line, f - gnoll sergeant
Aim: a gnoll sergeant, wielding a +4 spear of flaming, wearing a +0 ring mail and quivering stones (87% to hit)
The blast of sand hits the gnoll sergeant but does no damage.
The gnoll sergeant throws a stone.
The stone barely misses you.
The gnoll sergeant hits you from afar with a +4 spear of flaming!
The gnoll sergeant burns you.
Casting: Sandblast (safe; 2% risk of failure)
Confirm with . or Enter, or press ? or * to list all spells.
Aiming: Sandblast (safe; 2% risk of failure)
Press: ? - help, Shift-Dir - straight line, f/p - gnoll sergeant
Aim: a gnoll sergeant, wielding a +4 spear of flaming, wearing a +0 ring mail and quivering stones (87% to hit)
The blast of sand hits the gnoll sergeant.
The gnoll sergeant is lightly wounded.
The gnoll sergeant barely misses you.
Casting: Sandblast (safe; 2% risk of failure)
Confirm with . or Enter, or press ? or * to list all spells.
Aiming: Sandblast (safe; 2% risk of failure)
Press: ? - help, Shift-Dir - straight line, f/p - gnoll sergeant
Aim: a gnoll sergeant, wielding a +4 spear of flaming, wearing a +0 ring mail and quivering stones (lightly wounded, 87% to hit)
The blast of sand hits the gnoll sergeant but does no damage.
The gnoll sergeant is lightly wounded.
The gnoll sergeant hits you from afar with a +4 spear of flaming.
* * * LOW HITPOINT WARNING * * *
The gnoll sergeant burns you.
* * * LOW HITPOINT WARNING * * *
The gnoll sergeant hits you from afar with a +4 spear of flaming!
You die...

.........# .# #. ..
####.##..### )# #/
.. #...###....# .#.
.# #.#..##..#.#
#g#.#
#.##.##....###)..#
#. #..#.#
#...#.#...# ..
##...###.#.#(# #.#
##
##...##..g###...##.
###.......@.......
########........
#########


You could see a gnoll sergeant.

Vanquished Creatures
  Natasha (D:3)
  2 adders
  3 worms (D:2)
  2 dart slugs (D:1)
  4 ball pythons
  4 bats
  2 endoplasms
  4 giant cockroaches
  3 goblins
  2 hobgoblins
  8 jackals (D:2)
  2 quokkas (D:2)
  4 frilled lizards
  5 kobolds
  5 rats
51 creatures vanquished.

Notes
Turn   | Place    | Note
-------+----------+-------------------------------------------
     0 | D:1      | garrulousMonolith the Gargoyle Earth Elementalist began the
                  | quest for the Orb.
     0 | D:1      | Reached XP level 1. HP: 10/10 MP: 3/3
   276 | D:1      | Reached skill level 1 in Transmutations
   394 | D:1      | Reached XP level 2. HP: 16/16 MP: 0/5
   863 | D:2      | Reached skill level 4 in Earth Magic
   874 | D:2      | Reached skill level 1 in Fighting
   880 | D:2      | Reached XP level 3. HP: 14/20 MP: 0/6
   884 | D:2      | Learned a level 3 spell: Stone Arrow
   887 | D:2      | Learned a level 2 spell: Passwall
   937 | D:2      | Identified the +2 leather armour "Xaxaeraw" {+Inv Int+3}
  1040 | D:2      | Reached skill level 1 in Armour
  1277 | D:2      | Found a faded altar of an unknown god.
  1303 | D:2      | Reached XP level 4. HP: 25/25 MP: 4/7
  1693 | D:3      | Noticed Natasha
  1696 | D:3      | Killed Natasha
  1697 | D:3      | Reached skill level 1 in Conjurations
  2304 | D:3      | Noticed a gnoll sergeant
  2316 | D:3      | Mangled by a gnoll sergeant

Illustrated notes

Levels and vault maps discovered:
D:1:      mainiacjoe_arrival_reflecting_pool, layout_basic
D:2:      layout_rooms, ebering_ecumenical_altar_webs
D:3:      layout_basic, minmay_misc_feat_four_crosses, minmay_starry_boxes,
          uniq_terence, uniq_natasha

Skill      XL: |  1  2  3  4 |
---------------+-------------+-----
Transmutations | 1 |  1.5
Earth Magic    | 4 |  4.6
Fighting       | 1 |  1.8
Armour         | 1 |  1.4
Conjurations   | 1 |  1.5
Dodging        | |  1.5
Stealth        | |  2.1
Spellcasting   | |  2.3

Action                     |  1- 3 |  4- 6 || total
---------------------------+-------+-------++-------
  Melee: Unarmed           |     2 |       ||     2
         Short sword       |    39 |     1 ||    40
   Cast: Sandblast         |    43 |    25 ||    68
 Armour: Robe              |     4 |       ||     4
         Leather armour    |    27 |     2 ||    29
  Dodge: Dodged            |    39 |     4 ||    43

Table legend: (Time is in decaauts)
 A = Elapsed time spent in this place.
 B = Non-inter-level travel time spent in this place.
 C = Inter-level travel time spent in this place.
 D = Time resting spent in this place.
 E = Time spent auto-exploring this place.
 F = Levels seen in this place.
 G = Mean time per level.
                   A        B        C        D        E       F      G
               +--------+--------+--------+--------+--------+-----+--------+
         Total |   2348 |   2261 |     87 |    324 |   1585 |   3 |  782.7 |
       Dungeon |   2348 |   2261 |     87 |    324 |   1585 |   3 |  782.7 |
               +--------+--------+--------+--------+--------+-----+--------+

Top non-repeatable levels by time:
     D:1: 852 daAuts
     D:2: 787 daAuts
     D:3: 708 daAuts
